 Dungeon Crawl Stone Soup version 0.31-a0-845-g9abc20d24f (webtiles) character file.

Game seed: 6795511475682489216

2209 Kurtz the Cleaver (level 9, -3/93 HPs)
             Began as an Octopode Fighter on Oct 1, 2023.
             Was an Initiate of Gozag.
             Killed from afar by an acid dragon (12 damage)
             ... with a splash of acid
             ... on level 7 of the Dungeon.
             The game lasted 00:07:27 (7651 turns).

Kurtz the Cleaver (Octopode Fighter)                Turns: 7651, Time: 00:07:28

Health: -3/93      AC: 20    Str: 15    XL:     9   Next: 34%
Magic:  9/9        EV:  2    Int: 11    God:    Gozag
Gold:   138        SH:  5    Dex: 15    Spells: 8/8 levels left

rFire   + . .        l - +1 war axe (venom)
rCold   + + .        b - +0 buckler
rNeg    . . .        (helmet currently unavailable)
rPois   +            (no amulet)
rElec   +            i - ring of flight
rCorr   +            r - ring of willpower
SInv    .            j - ring of protection from cold
Will    ++...        (no ring)
Stlth   +            (no ring)
HPRegen 0.35/turn    (no ring)
MPRegen 0.11/turn    (no ring)
                     (no ring)

%: no passive effects
@: mighty, tree-form, resistant, corroded, gold aura, enlightened
A: stationary, stasis, torment immunity, boosted hp, almost no armour,
(amphibious), 8 rings, (camouflage 1), (gelatinous body 1), (nimble swimmer 1),
(tentacles), subdued magic 1, MP-powered wands
a: End Transformation, Renounce Religion, Potion Petition, Call Merchant, Bribe
Branch


You were on level 7 of the Dungeon.
You worshipped Gozag.
Gozag was aware of your devotion.
You were a tree.
You visited 2 branches of the dungeon, and saw 8 of its levels.

You collected 552 gold pieces.
You paid 414 gold pieces to Gozag.

Inventory:

Hand Weapons
 a - a +0 war axe
 l - a +1 war axe of venom (weapon)
Missiles
 o - 65 stones (quivered)
Armour
 b - a +0 buckler (worn)
Jewellery
 i - a ring of flight (left branch)
 j - a ring of protection from cold (on tentacle)
 r - a ring of willpower (right branch)
Scrolls
 d - 4 scrolls of amnesia {unknown}
 e - 3 scrolls of blinking {unknown}
 g - 5 scrolls of identify {unknown}
 h - a scroll of enchant weapon {unknown}
 k - a scroll of vulnerability {unknown}
 m - a scroll of torment {unknown}
 u - a scroll of fog {unknown}
Potions
 c - a potion of might
 f - 3 potions of brilliance
 n - 2 potions of magic
 q - 2 potions of lignification {unknown}
 s - a potion of mutation
 t - a potion of resistance {unknown}


   Skills:
 * Level 5.9 Fighting
 * Level 10.5 Axes
 - Level 3.0 Dodging
 * Level 4.7 Shields


You had 8 spell levels left.
You didn't know any spells.
Your spell library contained the following spells:

 Spells                   Type           Power      Damage    Failure   Level
 Magic Dart               Conj           0%         1d3       36%         1
 Slow                     Hex            0%         N/A       36%         1
 Searing Ray              Conj           0%         2d4       52%         2
 Sublimation of Blood     Necr           0%         N/A       52%         2
 Wereblood                Tmut           0%         N/A       52%         2
 Confusing Touch          Hex            0%         N/A       77%         3
 Sigil of Binding         Hex            0%         N/A       77%         3
 Vampiric Draining        Necr           0%         2d6       77%         3
 Volatile Blastmotes      Fire/Tloc      0%         2d10      77%         3
 Fulminant Prism          Conj/Hex       0%         3d5       99%         4
 Iskenderun's Mystic Bla  Conj/Tloc      0%         2d3       99%         4
 Vhi's Electric Charge    Tloc/Air       0%         N/A       99%         4
 Arcjolt                  Conj/Air       0%         1d10      100%        5
 Plasma Beam              Fire/Air       0%         2x1d10    100%        6
 Summon Hydra             Summ           0%         N/A       100%        7


Dungeon Overview and Level Annotations

Branches:
Dungeon (7/15)             Temple (1/1) D:5

Altars:
Ashenzari
Cheibriados
Dithmenos
Elyvilon
Fedhas
Gozag
Hepliaklqana
Kikubaaqudgha
Makhleb
Nemelex Xobeh
Okawaru
Qazlal
Ru
Sif Muna
Trog
Uskayaw
Vehumet
Wu Jian
Xom
Yredelemnul
Zin
The Shining One

Shops:
D:1 ?   D:6 *

Annotations:
D:4 2 transporters
D:5 2 transporters, 1 runed translucent door, exclusion: downstairs, Bravepunisher's ghost, weakling SpMo; Crazy Yiuf


Innate Abilities, Weirdness & Mutations

You are a tree.
Your roots penetrate the ground, keeping you stationary.
You cannot be teleported.
You are immune to unholy pain and torment.
Your maximum health is greatly increased.
You cannot wear most types of armour.
((You are amphibious.))
You can wear up to eight rings at the same time.
((Your skin changes colour to match your surroundings (Stealth+).))
((Your rubbery body absorbs attacks. (AC +1, EV +1)))
((You are camouflaged when in or above water. (Stealth+)))
((You have tentacles for arms and can constrict up to eight enemies at once.))
Your spells are a little easier to cast, but a little less powerful.
You expend magic power (3 MP) to strengthen your wands.


Message History

The bullfrog attacks as it pursues you! You block the bullfrog's attack.
There is an open door here.
The bullfrog completely misses you.
You hit the bullfrog.
The bullfrog is poisoned.
Your grab misses the bullfrog. You squeeze the bullfrog.
The bullfrog is moderately wounded.
The bullfrog hits you.
* * * LOW HITPOINT WARNING * * *
You barely miss the bullfrog. Your grab misses the bullfrog.
The bullfrog is moderately wounded.
The bullfrog misses you. The bullfrog hits you.
* * * LOW HITPOINT WARNING * * *
It was a potion of enlightenment.
You feel more buoyant.
The bullfrog barely misses you. [a] - 340 gold - lignification, might and resistance [b] - 648 gold - haste, enlightenment, invisibility and might [c] - 644 gold - heal wounds, magic and resistance Purchase which effect?
You no longer have enough gold to petition Gozag for potion effects.
You turn into a tree.
Your roots penetrate the ground.
You feel very mighty all of a sudden.
You feel protected.
The bullfrog swells and bulges.
The bullfrog hits you but does no damage. x2
You slash the bullfrog!
The bullfrog is almost dead.
The bullfrog hits you but does no damage.
You slice the bullfrog!!
You kill the bullfrog!
You hit the acid dragon but do no damage.
The acid dragon is poisoned.
The acid dragon bites you but does no damage.
The acid dragon claws you but does no damage.
You slash the acid dragon!
You punch the acid dragon, but do no damage.
The acid dragon is moderately wounded.
The acid dragon spits acid at you. The splash of acid hits you! You resist.
You die...
Your body crumbles into a pile of gold.

#######################
#.....#......#........#
#.....D......#........# .
#.....#♣.....#........# ...
#.....#......'........# ...<
##...##......#........#
.....##..D##############'###
..........##.... #........#
................ #........#
........<......D #........#
............D... #........#
...####...##.... #....)...#


You could see an acid dragon (very poisoned, catching breath).

Vanquished Creatures
  Menkaure (D:4)
  Edmund (D:4)
  Duvessa (D:4)
  An orc warrior (D:6)
  3 black bears
  3 ogres
  A phantom (D:6)
  Blork the orc (D:3)
  A bullfrog (D:7)
  2 scorpions (D:5)
  Dowan (D:4)
  A howler monkey (D:6)
  8 hounds
  A jelly (D:4)
  3 orc priests
  2 iguanas (D:6)
  A sleepcap (D:5)
  2 orc wizards
  11 gnolls
  15 adders
  A shadow imp (D:5)
  2 ufetubi
  A worm (D:5)
  3 dart slugs
  14 orcs
  5 bats
  5 endoplasms
  4 giant cockroaches (D:3)
  6 hobgoblins
  4 jackals (D:2)
  11 kobolds
  6 quokkas
  6 ball pythons
  3 frilled lizards
  5 goblins
  4 rats
140 creatures vanquished.

Notes
Turn   | Place    | Note
-------+----------+-------------------------------------------
     0 | D:1      | Kurtz the Octopode Fighter began the quest for the Orb.
     0 | D:1      | Reached XP level 1. HP: 16/16 MP: 1/1
    67 | D:1      | Reached XP level 2. HP: 12/21 MP: 2/2
   130 | D:1      | Reached skill level 3 in Axes
   313 | D:1      | Found Noacicokh's Magic Scroll Emporium.
   360 | D:2      | Reached XP level 3. HP: 24/26 MP: 3/3
   867 | D:2      | Reached skill level 4 in Axes
   868 | D:2      | Reached XP level 4. HP: 16/31 MP: 4/4
  1698 | D:2      | Reached skill level 5 in Axes
  1698 | D:2      | Reached XP level 5. HP: 36/36 MP: 5/5
  1938 | D:3      | Found a faded altar of an unknown god.
  2316 | D:3      | Found a stormy altar of Qazlal.
  2396 | D:4      | Noticed Blork the orc
  2406 | D:3      | Killed Blork the orc
  2407 | D:3      | Reached skill level 6 in Axes
  2407 | D:3      | Reached XP level 6. HP: 17/42 MP: 6/6
  2658 | D:4      | Noticed Edmund
  2670 | D:4      | Reached skill level 7 in Axes
  2670 | D:4      | Reached XP level 7. HP: 44/46 MP: 7/7
  2691 | D:4      | Killed Edmund
  2866 | D:4      | Noticed Duvessa
  2866 | D:4      | Noticed Dowan
  2875 | D:4      | Gained mutation: You are weak. (Str -2) [potion of
                  | mutation]
  2875 | D:4      | Gained mutation: You sometimes lose your temper in combat.
                  | [potion of mutation]
  2875 | D:4      | Lost mutation: You sometimes lose your temper in combat.
                  | [potion of mutation]
  2875 | D:4      | Killed Duvessa
  2879 | D:4      | Killed Dowan
  2907 | D:4      | Lost mutation: You are weak. (Str -2) [potion of mutation]
  2907 | D:4      | Gained mutation: Your spells are a little easier to cast,
                  | but a little less powerful. [potion of mutation]
  2907 | D:4      | Gained mutation: You expend magic power (3 MP) to
                  | strengthen your wands. [potion of mutation]
  3157 | D:4      | Reached skill level 8 in Axes
  3157 | D:4      | Reached XP level 8. HP: 24/54 MP: 8/8
  3419 | D:4      | Found a transporter.
  3424 | D:4      | Found a transporter.
  3584 | D:4      | Noticed Menkaure
  3590 | D:4      | Killed Menkaure
  3754 | D:5      | Entered Level 5 of the Dungeon
  3900 | D:5      | Reached skill level 9 in Axes
  4035 | D:5      | Found a transporter.
  4091 | D:5      | Found a transporter.
  4093 | D:5      | Noticed Bravepunisher's ghost (weakling SpMo)
  4142 | D:5      | Found a staircase to the Ecumenical Temple.
  4179 | Temple   | Entered the Ecumenical Temple
  4224 | Temple   | Became a worshipper of Gozag Ym Sagoz the Greedy
  4264 | D:5      | Reached skill level 5 in Fighting
  4352 | D:5      | Found a runed translucent door.
  4353 | D:5      | Noticed Crazy Yiuf
  5512 | D:6      | Reached skill level 10 in Axes
  5512 | D:6      | Reached XP level 9. HP: 24/61 MP: 9/9
  6446 | D:6      | HP: 3/61 [phantom (5)]
  6601 | D:6      | Found Nicul's Fire Supplies.
  7651 | D:7      | Killed from afar by an acid dragon

Illustrated notes

Levels and vault maps discovered:
D:1:      wander_arrival_lonely_grave, layout_basic, serial_shops,
          nicolae_shop_back_alley_shop
D:2:      layout_loops_corners, serial_forest, infiniplex_forest_corner_2,
          infiniplex_forest_clump_tiny, infiniplex_forest_side_room,
          infiniplex_forest_lined_room_2, infiniplex_forest_clump_cross,
          infiniplex_forest_clump_curved, infiniplex_forest_lined_4_way,
          infiniplex_forest_straight_2
D:3:      layout_loops_ring, nicolae_qazlal_eye_of_the_storm,
          dreamdust_ecumenical_altar_sealed_demon, kennysheep_generic_room_4
D:4:      gammafunk_steamed_eel, layout_basic, minmay_small_thing, uniq_duvessa,
          uniq_edmund, uniq_blork_the_orc, uniq_menkaure
D:5:      layout_basic, temple_fountains, gammafunk_ghost_stat_death,
          uniq_crazy_yiuf_cottage
D:6:      layout_gridville, nicolae_shop_fire_sale [nicolae_sub_dead_trees]
D:7:      kennysheep_big_flooded_room, layout_gridville, serial_shops, shop,
          minivault_27
Temple:   compressed_dpeg_circular_temple

Skill      XL: |  1  2  3  4  5  6  7  8 |
---------------+-------------------------+-----
Axes           | 3 4 5 6 7 8 10 | 10.5
Fighting       | 4 5 |  5.9
Shields        | 4 |  4.7
Dodging        | |  3.0

Action                     |  1- 3 |  4- 6 |  7- 9 || total
---------------------------+-------+-------+-------++-------
  Melee: War axe           |    42 |    86 |   166 ||   294
         Tentacles         |     5 |    22 |    36 ||    63
         Constrict         |     9 |    24 |    38 ||    71
         Punch             |       |       |     2 ||     2
  Throw: Dart              |       |     1 |    11 ||    12
         Stone             |       |       |     2 ||     2
 Invoke: Potion Petition   |       |       |     1 ||     1
    Use: Potion            |       |     1 |    10 ||    11
   Stab: Sleeping          |     3 |     9 |     8 ||    20
         Distracted        |     1 |       |     1 ||     2
 Armour: Skin              |    15 |    31 |   101 ||   147
  Dodge: Dodged            |    32 |    50 |    99 ||   181
  Block: Buckler           |     8 |    20 |    38 ||    66

Table legend: (Time is in decaauts)
 A = Elapsed time spent in this place.
 B = Non-inter-level travel time spent in this place.
 C = Inter-level travel time spent in this place.
 D = Time resting spent in this place.
 E = Time spent auto-exploring this place.
 F = Levels seen in this place.
 G = Mean time per level.
                   A        B        C        D        E       F      G
               +--------+--------+--------+--------+--------+-----+--------+
         Total |   7717 |   6828 |    889 |   1225 |   4471 |   8 |  964.6 |
       Dungeon |   7654 |   6783 |    871 |   1225 |   4471 |   7 | 1093.4 |
        Temple |     63 |     45 |     18 |      0 |      0 |   1 |   63.0 |
               +--------+--------+--------+--------+--------+-----+--------+

Top non-repeatable levels by time:
     D:2: 1547 daAuts
     D:4: 1536 daAuts
     D:6: 1322 daAuts
     D:5: 1317 daAuts
     D:3: 1130 daAuts
     D:1: 623 daAuts
     D:7: 176 daAuts
  Temple: 63 daAuts
